 Dungeon Crawl Stone Soup version 0.22.0-75-g3901e7991e (webtiles) character file.

44 Eralyen the Caller (level 3, -1/24 HPs)
             Began as a Merfolk Summoner on Sept 12, 2018.
             Killed from afar by raetorn's ghost (4 damage)
             ... with a magic dart
             ... on level 3 of the Dungeon.
             The game lasted 00:13:25 (1840 turns).

Eralyen the Caller (Merfolk Summoner)               Turns: 1840, Time: 00:13:25

Health: -1/24      AC:  2    Str:  8      XL:     3   Next: 60%
Magic:  1/6        EV: 13    Int: 15      God:
Gold:   113        SH:  0    Dex: 11 (14) Spells: 0/6 levels left

rFire    + . .     SeeInvis .   h - +0 spear
rCold    . . .     Gourm    .   (no shield)
rNeg     . . .     Faith    .   a - +0 robe
rPois    .         Spirit   .   e - +0 hat
rElec    .         Reflect  .   (no cloak)
rCorr    .         Harm     .   (no gloves)
MR       .....                  (no boots)
Stlth    ++........             (no amulet)
HPRegen  0.08/turn              l - ring of protection from fire
MPRegen  0.10/turn              (no ring)

@: no status effects
A: change form in water, swift swim, stealthy swim
a: no special abilities


You were on level 3 of the Dungeon.
You were not hungry.

You visited 1 branch of the dungeon, and saw 3 of its levels.

You collected 113 gold pieces.

Inventory:

Hand Weapons
 h - a +0 spear (weapon)
Missiles
 p - 39 arrows
 r - a throwing net (quivered)
Armour
 a - a +0 robe (worn)
 e - a +0 hat (worn)
 o - cursed +0 storm dragon scales
Jewellery
 l - a ring of protection from fire (left hand)
 q - a +5 ring of protection {unknown}
 s - a +3 ring of dexterity
Scrolls
 f - 2 scrolls of remove curse
 g - a scroll of blinking {unknown}
 i - 4 scrolls of identify {unknown}
 m - a scroll of teleportation {unknown}
 n - a scroll of magic mapping {unknown}
Potions
 b - a potion of brilliance {unknown}
 d - a potion of degeneration {unknown}
 j - 3 potions of heal wounds {unknown}
 k - a potion of invisibility {unknown}
Comestibles
 c - 2 rations


   Skills:
 + Level 0.2 Fighting
 + Level 1.0 Polearms
 + Level 3.0 Dodging
 + Level 2.5 Stealth
 + Level 2.4 Spellcasting
 + Level 4.5 Summonings


You couldn't memorise any spells.
You knew the following spells:

 Your Spells              Type           Power        Failure   Level  Hunger
a - Summon Small Mammal   Summ           ###.         3%          1    #......
b - Call Imp              Summ           ###.....     4%          2    ###....
c - Call Canine Familiar  Summ           ###.....     10%         3    ###....

Your spell library contained the following spells:

 Spells                   Type           Power        Failure   Level  Hunger
 Summon Guardian Golem    Hex/Summ       #.......     26%         3    ###....
 Summon Ice Beast         Ice/Summ       #.......     63%         4    #####..
 Summon Lightning Spire   Summ/Air       #.......     63%         4    #####..


Dungeon Overview and Level Annotations

Branches:
Dungeon (3/15)

Altars:
Cheibriados
Okawaru
Ru

Annotations:
D:3 1 transporter, raetorn's ghost, amateur DgCj


Message History

Your crimson imp completely misses the quasit.
The quasit barely misses your crimson imp.
The quasit misses your crimson imp. x3
The quasit closely misses your crimson imp.
The quasit misses your crimson imp.
Your crimson imp hits the quasit.
You see here 10 gold pieces.
Raetorn's ghost points at you and mumbles some strange words.
The magic dart hits you!
* * * LOW HITPOINT WARNING * * *
Something bites your crimson imp but does no damage.
Something completely misses your crimson imp.
Something closely misses your crimson imp.
You see here a ring of dexterity.
s - a ring of dexterity The quasit closely misses your crimson imp.
The quasit barely misses your crimson imp.
The quasit claws your crimson imp but does no damage.
Raetorn's ghost casts a spell at you. The magic dart hits you!
You die...

.......### #.. .(..
#.##.....# #.##.. ..
#...#.# #....##### ..
#.##.#...###..###...###.
..........##.##.......#.
#....##......#..#.#...#
###.. #..##..#..#.#...#
## #......##.....#.##
#.#.<#..#[@#...#.#
#..#...©#[..©#...#
##.#.#..#5#.....#
#.#.#.##5#W5.#.# =.
....#.#.5#.##..##....
#.....#.#...#...#....
#.....##..#....##?...
#......#...©..## ...
.... ##.##### .


You could see 2 quasits, raetorn's ghost and 2 friendly crimson imps.

Vanquished Creatures
  An adder (D:2)
  2 giant cockroaches
  A hobgoblin (D:1)
  5 bats
  A rat (D:1)
10 creatures vanquished.

Vanquished Creatures (collateral kills)
  2 adders
  An ooze (D:2)
  A worm (D:3)
  A dart slug (D:1)
  2 leopard geckos
  2 ball pythons (D:1)
  A giant cockroach (D:2)
  A goblin (D:1)
  A hobgoblin (D:1)
  2 jackals (D:1)
  A quokka (D:2)
  2 frilled lizards
  3 kobolds
  A rat (D:1)
21 creatures vanquished.

Grand Total: 31 creatures vanquished

Notes
Turn   | Place    | Note
-------+----------+-------------------------------------------
     0 | D:1      | Eralyen the Merfolk Summoner began the quest for the Orb.
     0 | D:1      | Reached XP level 1. HP: 13/13 MP: 3/3
   270 | D:1      | Reached XP level 2. HP: 18/19 MP: 3/5
   274 | D:1      | Learned a level 2 spell: Call Imp
   786 | D:2      | Reached XP level 3. HP: 11/24 MP: 1/6
   944 | D:2      | Learned a level 3 spell: Call Canine Familiar
  1038 | D:2      | Found a snail-covered altar of Cheibriados.
  1191 | D:2      | Reached skill level 1 in Polearms
  1255 | D:2      | Found a sacrificial altar of Ru.
  1445 | D:2      | Found an iron altar of Okawaru.
  1499 | D:3      | Found a transporter.
  1499 | D:3      | Noticed raetorn's ghost (amateur DgCj)
  1824 | D:3      | Found a transporter.
  1840 | D:3      | Killed from afar by raetorn's ghost

Skill      XL: |  1  2  3 |
---------------+----------+-----
Dodging        | 3 |  3.0
Polearms       | 1 |  1.0
Fighting       | |  0.2
Stealth        | |  2.5
Spellcasting   | |  2.4
Summonings     | |  4.5

Action                   || total
-------------------------++-------
Melee: Spear             ||    32
 Cast: Summon Small Mamm ||    18
       Call Imp          ||    13
       Call Canine Famil ||     1
  Use: Scroll            ||     1
 Stab: Sleeping          ||     1
  Eat: Chunk             ||     4
Armor: Robe              ||    14
Dodge: Dodged            ||    54
